 Dungeon Crawl Stone Soup version 0.20.1-1-g8b1a95d (webtiles) character file.

72951 homeworkjunkie the Severer (level 15, -4/137 HPs)
             Began as a Hill Orc Fighter on Nov 13, 2017.
             Was the Champion of Okawaru.
             Slain by an orc warrior
             ... wielding a +0 trident
             ... led by an orc high priest
              (12 damage)
             ... on level 2 of the Orcish Mines.
             The game lasted 00:49:07 (24575 turns).

homeworkjunkie the Severer (Hill Orc Fighter)      Turns: 24575, Time: 00:49:08

Health: -4/137     AC:  7    Str: 24    XL:     15   Next: 41%
Magic:  21/21      EV: 12    Int: 10    God:    Okawaru [******]
Gold:   860        SH:  0    Dex: 15    Spells: 14/14 levels left

rFire    . . .     SeeInvis +   Y - +2 executioner's axe (venom)
rCold    . . .     Gourm    .   (shield currently unavailable)
rNeg     . . .     Faith    .   O - +1 ring mail of Toyla {+Blink rElec Slay+3}
rPois    .         Spirit   .   w - +0 helmet
rElec    +         Reflect  .   L - +1 cloak {+Inv}
rCorr    .         Harm     .   N - +0 pair of gloves
MR       ++...     Clarity  +   K - +0 pair of boots
Stlth    +.........             (no amulet)
Regen    0.4/turn               b - +3 ring of dexterity
MPRegen  0.2/turn               C - ring of see invisible

@: corroded, drained
A: clarity, clever 1, magic resistance 1, sense surroundings 1, no potion heal 1
a: Heroism, Finesse, Renounce Religion, Convert to Beogh, Evoke Blink, Evoke
Invisibility


You were on level 2 of the Orcish Mines.
You worshipped Okawaru.
Okawaru was exalted by your worship.
You were hungry.

You visited 4 branches of the dungeon, and saw 23 of its levels.

You collected 1454 gold pieces.
You spent 594 gold pieces at shops.

Inventory:

Hand Weapons
 G - a +3 vampiric war axe
 R - a +4 scimitar of flaming
 Y - a +2 executioner's axe of venom (weapon)
Missiles
 i - 13 tomahawks (quivered)
Armour
 a - the +1 crystal plate armour of Tulips {+Blink +Inv rPois Dex-4, unknown}
   (Okawaru gifted it to you on level 2 of the Orcish Mines)

   It affects your dexterity (-4).
   It protects you from poison.
   It lets you turn invisible.
   It lets you blink.
 w - a +0 helmet (worn)
 K - a +0 pair of boots (worn)
 L - a +1 cloak of invisibility (worn)
 N - a +0 pair of gloves (worn)
 O - the +1 ring mail of Toyla (worn) {+Blink rElec Slay+3}
   (You bought it in a shop on level 13 of the Dungeon)

   It affects your accuracy and damage with ranged weapons and melee attacks
   (+3).
   It insulates you from electricity.
   It lets you blink.
Jewellery
 b - a +3 ring of dexterity (left hand)
 e - an uncursed ring of resist corrosion
 C - a ring of see invisible (right hand)
 S - an uncursed ring of protection from cold
 V - an uncursed ring of fire
 W - an uncursed ring of protection from magic
Wands
 d - a wand of disintegration (1/24)
 l - a wand of enslavement (5/24)
 r - a wand of acid (7/15)
 y - a wand of confusion (24/48)
 z - a wand of digging (4/24)
 E - a wand of lightning (0/15)
 H - a wand of scattershot (1/9)
 M - a wand of digging (6/24)
 U - a wand of iceblast (6/15)
 X - a wand of flame (42/48)
Scrolls
 h - 8 scrolls of teleportation
 n - 8 scrolls of remove curse
 x - a scroll of summoning
 T - 2 scrolls of fog
Potions
 f - a potion of cancellation
 g - 2 potions of ambrosia
 j - 7 potions of curing
 m - a potion of flight
 p - 3 potions of haste
 q - a potion of agility
 s - 2 potions of resistance
 t - 2 potions of magic
 u - a potion of brilliance {unknown}
 v - 5 potions of mutation
 B - a potion of invisibility
 D - 2 potions of lignification
 J - 2 potions of berserk rage
 Q - a potion of might
Comestibles
 A - 9 meat rations
 Z - 3 royal jellies


   Skills:
 * Level 13.9(13.3) Fighting
 * Level 20.2(19.6) Axes
 + Level 2.0(1.6) Throwing
 * Level 10.8(10.3) Armour
 + Level 3.3(2.9) Dodging
 + Level 2.5(2.1) Stealth
   Level 12.0(11.5) Shields
 + Level 0.6(0.3) Invocations
 * Level 8.9(8.4) Evocations


You had 14 spell levels left.
You didn't know any spells.

Dungeon Overview and Level Annotations

Branches:
Dungeon (14/15)            Temple (1/1) D:6            Lair (6/6) D:11
  Swamp (0/4) Lair:4       Spider (0/4) Lair:3        Slime (0/5) Lair:6
    Orc (2/2) D:11         Vaults (0/5) D:13
    Elf: Orc:2

Altars:
Ashenzari
Cheibriados
Dithmenos
Elyvilon
Fedhas
Gozag
Hepliaklqana
Kikubaaqudgha
Makhleb
Nemelex Xobeh
Okawaru
Qazlal
Ru
Sif Muna
Trog
Uskayaw
Vehumet
Xom
Yredelemnul
Zin
The Shining One

Shops:
D:13 [=

Portals:
Ice
Cave: Orc:2


Innate Abilities, Weirdness & Mutations

You possess an exceptional clarity of mind.
Your mind is acute. (Int +2)
You are resistant to hostile enchantments. (MR+)
You passively map a small area around you.
Potions are less effective at restoring your health.


Message History

You slice the orc high priest!!
The orc high priest looks as sick as possible!
The orc high priest is heavily wounded.
You hit the soul eater.
You hit the rust devil but do no damage.
The orc warrior closely misses you.
The orc high priest invokes the aid of Beogh against you.
Beogh smites you!
* * * LOW HITPOINT WARNING * * *
The rust devil barely misses you. The soul eater barely misses you.
Unknown command.
You barely miss the orc high priest.
The orc high priest shouts, "Join the one true god or die!"
The orc high priest is severely wounded.
You slash the soul eater!
The orc high priest shouts, "Join the one true god or die!"
You hit the rust devil but do no damage.
The orc high priest threatens, "By the altar or by the axe, you will meet Beogh!"
The orc warrior hits you from afar with a trident!
You die...

* ## * * * ###.# +
##....# *
....#.###### *
*.#, #..........#
....#.. #......# *
.....#.###.3∩..#
.......<##@....# ,
........oo4T...#
........o4)...#.#
,
..#........$.#....
.
##<......$.......
##.........$....*
, #.#............#
,
#...............#*
, #.o.......##+##.


You could see a soul eater, an orc high priest, a rust devil, a troll, a chaos
spawn, an orc warrior and an orc.

Vanquished Creatures
  Gastronok (Lair:3)
  The ghost of Ymberto the Bludgeoner, a journeyman HOFi of Okawaru (Lair:6)
  An ettin (Orc:1)
  Snorg (D:11)
  A fire dragon (Lair:6)
  Josephine (D:11)
  Harold (D:10)
  A yaktaur captain (D:13)
  6 hydras
  Erolcha (Orc:2)
  Erica (Lair:1)
  4 two-headed ogres
  2 death yaks
  Nergalle (Lair:3)
  3 unseen horrors
  A lindwurm (Lair:6)
  A deep elf mage (D:12)
  3 oklob plants
  2 ugly things (D:11)
  2 cyclopes
  An orc sorcerer (Orc:1)
  An elephant (shapeshifter) (D:13)
  Maurice (D:9)
  A centaur zombie (D:13)
  6 black mambas (Lair:6)
  Psyche (D:9)
  12 elephants (Lair:6)
  3 molten gargoyles (Lair:6)
  11 spiny frogs
  6 kobold demonologists
  8 komodo dragons
  A rime drake (Lair:4)
  2 yaktaurs (D:13)
  The ghost of Linguinho the Ruffian, an amateur TrHu (D:4)
  A polar bear (Lair:5)
  4 trolls
  Prince Ribbit (D:9)
  The ghost of Pad the Insei, an amateur MfTm (D:5)
  A hornet (D:13)
  20 blink frogs
  3 slime creatures (D:13)
  11 dream sheep (Lair:6)
  5 hippogriffs
  A redback (Lair:3)
  6 spriggans (Lair:4)
  2 water elementals (D:11)
  5 wraiths (D:11)
  4 wyverns
  A vampire (D:13)
  Grum (D:11)
  44 yaks
  7 basilisks
  A hungry ghost (D:9)
  3 steam dragons (Lair:6)
  3 hogs (D:7)
  A human (D:7)
  Menkaure (D:7)
  3 vampire mosquitoes (D:12)
  2 wargs
  3 hell hounds (Lair:6)
  11 water moccasins
  6 orc warriors
  13 ice beasts
  9 porcupines
  A black bear (D:11)
  A sky beast (D:13)
  An eye of draining (D:12)
  A necrophage (D:8)
  7 ogres
  19 wolves
  9 centaurs
  10 crocodiles
  9 big kobolds
  16 bullfrogs
  A gnoll sergeant (D:4)
  4 scorpions
  11 killer bees (D:12)
  6 wights (D:12)
  2 electric eels
  4 howler monkeys
  7 lava snakes
  7 crimson imps
  A bullfrog zombie (D:6)
  8 hounds
  2 jellies
  9 orc priests
  3 centaur skeletons
  4 gnoll shamans (D:4)
  3 iguanas
  A bullfrog skeleton (D:10)
  13 worker ants
  Ijyb (D:4)
  10 orc wizards
  2 hound zombies
  2 hound skeletons
  Robin (D:4)
  32 gnolls
  16 adders
  An ooze (D:1)
  An adder skeleton (D:7)
  2 worms (D:2)
  2 dart slugs
  6 leopard geckos
  52 orcs
  11 bats
  6 giant cockroaches
  14 goblins
  6 hobgoblins
  29 jackals
  A quokka (D:6)
  A ball python (D:4)
  A ball python skeleton (D:4)
  5 frilled lizards
  24 kobolds
  A leopard gecko skeleton (D:4)
  A quokka skeleton (D:4)
  A quokka zombie (D:8)
  14 rats
  6 fungi
  3 plants
676 creatures vanquished.

Vanquished Creatures (collateral kills)
  4 yaks
  A wolf (D:11)
  A wight (D:12)
  A worker ant (D:8)
  3 gnolls (D:4)
  A jackal (D:4)
11 creatures vanquished.

Vanquished Creatures (others)
  A troll (D:11)
  3 yaks
  A wolf (D:11)
  17 fungi
  12 plants
34 creatures vanquished.

Grand Total: 721 creatures vanquished

Notes
Turn   | Place    | Note
-------+----------+-------------------------------------------
     0 | D:1      | homeworkjunkie the Hill Orc Fighter began the quest for the Orb.
     0 | D:1      | Reached XP level 1. HP: 19/19 MP: 1/1
    17 | D:1      | Reached skill level 3 in Axes
    36 | D:1      | Reached XP level 2. HP: 20/27 MP: 2/2
   233 | D:3      | Reached XP level 3. HP: 33/33 MP: 3/3
   310 | D:3      | Noticed a bullfrog
   319 | D:3      | Killed a bullfrog
   319 | D:3      | Reached skill level 4 in Axes
   319 | D:3      | Reached XP level 4. HP: 28/40 MP: 4/4
   449 | D:4      | Reached XP level 5. HP: 26/46 MP: 5/5
   786 | D:3      | Found a glowing golden altar of the Shining One.
   804 | D:3      | Reached skill level 5 in Axes
  1117 | D:3      | Found a glowing silver altar of Zin.
  1448 | D:3      | Reached XP level 6. HP: 43/53 MP: 6/6
  1597 | D:3      | Found a hide-covered altar of Uskayaw.
  1701 | D:3      | Reached skill level 6 in Axes
  1945 | D:2      | Found a shadowy altar of Dithmenos.
  1951 | D:2      | Found a transporter.
  1969 | D:2      | Found a transporter.
  2210 | D:2      | Found a sacrificial altar of Ru.
  2877 | D:4      | Found a radiant altar of Vehumet.
  2881 | D:4      | Found Jisi Kugh's General Store.
  3007 | D:5      | Entered Level 5 of the Dungeon
  3024 | D:4      | Noticed Robin
  3036 | D:4      | Killed Robin
  3229 | D:4      | Reached skill level 5 in Shields
  3229 | D:4      | Reached XP level 7. HP: 59/60 MP: 7/7
  3243 | D:4      | Noticed Ijyb
  3253 | D:4      | Killed Ijyb
  3267 | D:4      | Reached skill level 7 in Axes
  3469 | D:4      | Noticed Linguinho's ghost (amateur TrHu)
  3476 | D:4      | Killed Linguinho's ghost
  3476 | D:4      | Reached skill level 5 in Fighting
  3476 | D:4      | Reached skill level 1 in Evocations
  3709 | D:4      | Reached skill level 8 in Axes
  3851 | D:4      | Reached XP level 8. HP: 59/68 MP: 9/9
  4302 | D:4      | Reached skill level 9 in Axes
  4720 | D:5      | Found a deep blue altar of Sif Muna.
  4794 | D:6      | Found a staircase to the Ecumenical Temple.
  4803 | Temple   | Entered the Ecumenical Temple
  4878 | Temple   | Became a worshipper of Warmaster Okawaru
  4908 | D:6      | Reached skill level 5 in Armour
  5225 | D:5      | Found a hazy altar of Hepliaklqana.
  5466 | D:5      | Reached skill level 1 in Throwing
  5779 | D:5      | Noticed Pad's ghost (amateur MfTm)
  5782 | D:5      | Killed Pad's ghost
  5782 | D:5      | Reached skill level 10 in Axes
  5782 | D:5      | Reached skill level 1 in Dodging
  5782 | D:5      | Reached XP level 9. HP: 78/78 MP: 10/10
  5824 | D:6      | Found a radiant altar of Vehumet.
  5994 | D:6      | Reached * piety under Okawaru
  6075 | D:6      | Found a blossoming altar of Fedhas.
  6075 | D:6      | Found a faded altar of an unknown god.
  6082 | D:6      | Found a basalt altar of Yredelemnul.
  6084 | D:6      | Found a stormy altar of Qazlal.
  6086 | D:6      | Found a snail-covered altar of Cheibriados.
  6602 | D:8      | Reached skill level 11 in Axes
  6625 | D:9      | Noticed a two-headed ogre
  6634 | D:9      | Killed a two-headed ogre
  6634 | D:9      | Reached ** piety under Okawaru
  6799 | D:8      | Identified Pike's Spellcasting, Part Two
  6827 | D:8      | Reached XP level 10. HP: 86/86 MP: 12/12
  6830 | D:8      | Reached skill level 12 in Axes
  6972 | D:9      | Noticed Prince Ribbit
  7025 | D:8      | Reached *** piety under Okawaru
  7141 | D:7      | Noticed Menkaure
  7147 | D:7      | Killed Menkaure
  7187 | D:7      | Found a basalt altar of Yredelemnul.
  7713 | D:8      | Found a shattered altar of Ashenzari.
  7845 | D:8      | Noticed a death yak
  7872 | D:8      | Reached **** piety under Okawaru
  7878 | D:8      | Reached skill level 13 in Axes
  7893 | D:8      | Killed a death yak
  7903 | D:8      | Reached XP level 11. HP: 53/97 MP: 14/14
  8287 | D:8      | Noticed a two-headed ogre
  8296 | D:8      | Killed a two-headed ogre
  8296 | D:8      | Reached ***** piety under Okawaru
  8600 | D:9      | Noticed Psyche
  8609 | D:9      | Received a gift from Okawaru
  8609 | D:9      | Killed Psyche
  8609 | D:9      | Reached skill level 14 in Axes
  8663 | D:9      | Found a glowing silver altar of Zin.
  8754 | D:10     | Entered Level 10 of the Dungeon
  9041 | D:9      | Noticed Maurice
  9045 | D:9      | Killed Maurice
  9045 | D:9      | Reached skill level 5 in Evocations
  9062 | D:9      | Killed Prince Ribbit
 10031 | D:10     | Received a gift from Okawaru
 10032 | D:10     | Got a crude scale mail {god gift}
 10096 | D:10     | Noticed Harold
 10112 | D:10     | Killed Harold
 10155 | D:10     | Identified the +7 scale mail "Rubluuc" {+Blink Int+5 Dex-2} (Okawaru gifted it to you on level 10 of the Dungeon)
 10328 | D:10     | Reached skill level 1 in Stealth
 10395 | D:11     | Noticed a green ugly thing
 10407 | D:11     | Killed a green ugly thing
 10411 | D:11     | Reached skill level 10 in Fighting
 10432 | D:11     | Noticed an unseen horror
 10433 | D:11     | Noticed a red ugly thing
 10442 | D:11     | Killed a red ugly thing
 10442 | D:11     | Reached skill level 15 in Axes
 10460 | D:11     | Killed an unseen horror
 10460 | D:11     | Reached XP level 12. HP: 87/106 MP: 16/16
 10659 | D:11     | Noticed Josephine
 10691 | D:11     | Killed Josephine
 10951 | D:11     | Found a staircase to the Lair.
 11094 | D:11     | Noticed a five-headed hydra
 11158 | D:12     | Noticed a two-headed ogre
 11172 | D:12     | Killed a two-headed ogre
 11172 | D:12     | Received a gift from Okawaru
 11465 | D:12     | Noticed a two-headed ogre
 11477 | D:12     | Killed a two-headed ogre
 11675 | D:12     | Reached skill level 10 in Shields
 11693 | D:12     | Reached skill level 16 in Axes
 12514 | D:13     | Noticed a yaktaur captain
 12530 | D:13     | Killed a yaktaur captain
 12530 | D:13     | Reached XP level 13. HP: 114/116 MP: 18/18
 12539 | D:13     | Found a gate to the Vaults.
 12811 | D:13     | Reached ****** piety under Okawaru
 13043 | D:13     | Found Mirurgh's Armour Emporium.
 13049 | D:13     | Bought the cursed +1 ring mail of Toyla {+Blink rElec Slay+3} for 594 gold pieces
 13154 | D:13     | Found Niuvat Niaso's Jewellery Boutique.
 13512 | D:11     | Received a gift from Okawaru
 13584 | D:11     | Found a staircase to the Orcish Mines.
 13595 | D:11     | Noticed Grum
 13612 | D:11     | Killed Grum
 14037 | D:11     | Noticed Snorg
 14045 | D:11     | Killed Snorg
 14118 | D:11     | Reached skill level 17 in Axes
 14378 | Lair:1   | Entered Level 1 of the Lair of Beasts
 14424 | Lair:1   | Noticed Erica
 14433 | Lair:1   | Killed Erica
 15152 | Lair:2   | Gained mutation: You are resistant to hostile enchantments. (MR+) [potion of mutation]
 15152 | Lair:2   | Gained mutation: You passively map a small area around you. [potion of mutation]
 15152 | Lair:2   | Gained mutation: Your mind is acute. (Int +2) [potion of mutation]
 15152 | Lair:2   | Gained mutation: You possess an exceptional clarity of mind. [potion of mutation]
 16297 | Lair:3   | Found a hole to the Spider Nest.
 16329 | Lair:3   | Noticed Nergalle
 16330 | Lair:3   | Received a gift from Okawaru
 16344 | Lair:3   | Killed Nergalle
 16396 | Lair:3   | Noticed Gastronok
 16406 | Lair:3   | Killed Gastronok
 16406 | Lair:3   | Reached skill level 18 in Axes
 16406 | Lair:3   | Reached XP level 14. HP: 62/127 MP: 19/19
 17747 | Lair:4   | Found a staircase to the Swamp.
 17969 | Lair:4   | Reached skill level 10 in Armour
 17970 | Lair:4   | Received a gift from Okawaru
 18530 | Lair:6   | Entered Level 6 of the Lair of Beasts
 19268 | Lair:5   | Reached skill level 19 in Axes
 20250 | Lair:5   | Received a gift from Okawaru
 20491 | Lair:6   | Received a gift from Okawaru
 20497 | Lair:6   | Got an encrusted shield {god gift}
 20546 | Lair:5   | Identified the +0 shield "Arhu Pet" {Str+7 Dex-5} (Okawaru gifted it to you on level 6 of the Lair of Beasts)
 20869 | Lair:6   | Noticed Ymberto's ghost (journeyman HOFi)
 20902 | Lair:6   | Killed Ymberto's ghost
 20935 | Lair:6   | Found a staircase to the Slime Pits.
 20952 | Lair:6   | HP: 5/129 [acid (7)]
 22019 | Lair:6   | Reached XP level 15. HP: 63/136 MP: 21/21
 22643 | Lair:6   | Found a large runed door.
 22650 | Lair:6   | Found a large runed door.
 23119 | Lair:6   | Gained mutation: Potions are less effective at restoring your health. [mutagenic glow]
 23307 | Lair:6   | Reached skill level 20 in Axes
 24046 | Orc:1    | Entered Level 1 of the Orcish Mines
 24548 | Orc:2    | Entered Level 2 of the Orcish Mines
 24548 | Orc:2    | Noticed Erolcha
 24549 | Orc:2    | Found a frozen archway.
 24553 | Orc:2    | Received a gift from Okawaru
 24558 | Orc:2    | Killed Erolcha
 24562 | Orc:2    | Got a dazzling crystal plate armour {god gift}
 24575 | Orc:2    | Slain by an orc warrior

Skill      XL: |  1  2  3  4  5  6  7  8  9 10 11 12 13 14 15 |
---------------+----------------------------------------------+-----
Axes           | 3 4 5 6 8 10 11 13 15 16 18 19 20 | 20.2
Fighting       | 4 5 6 7 9 10 11 12 13 | 13.9
Shields        | 4 5 6 7 8 10 11 12 | 12.0
Armour         | 4 5 6 7 8 9 10 | 10.8
Evocations     | 1 2 3 4 5 7 8 |  8.9
Throwing       | 1 2 |  2.0
Dodging        | 1 2 3 |  3.3
Stealth        | 1 2 |  2.5
Invocations    | |  0.6

Action                   |  1- 3 |  4- 6 |  7- 9 | 10-12 | 13-15 || total
-------------------------+-------+-------+-------+-------+-------++-------
Melee: War axe           |    78 |   242 |   325 |   755 |   220 ||  1620
       Battleaxe         |       |       |       |       |   313 ||   313
       Executioner's axe |       |       |       |       |   237 ||   237
Throw: Tomahawk          |       |    12 |    28 |     6 |    18 ||    64
Invok: Finesse           |       |       |       |       |     2 ||     2
 Abil: Evoke Invisibilit |       |       |       |     1 |     4 ||     5
       Evoke Blink       |       |       |       |       |     1 ||     1
Evoke: Wand              |       |       |     6 |    23 |    23 ||    52
  Use: Scroll            |       |    13 |     6 |     9 |    20 ||    48
       Potion            |       |       |     2 |     1 |    10 ||    13
 Stab: Invisible         |       |       |       |     4 |    11 ||    15
       Confused          |       |       |       |     4 |       ||     4
       Held in net/web   |       |       |       |       |     2 ||     2
       Sleeping          |       |       |       |       |     2 ||     2
       Distracted        |       |       |       |       |     1 ||     1
  Eat: Bread ration      |       |     2 |     3 |     2 |     5 ||    12
       Royal jelly       |       |     1 |     1 |     4 |     5 ||    11
       Fruit             |       |       |     2 |     1 |     2 ||     5
       Meat ration       |       |       |       |       |     1 ||     1
Armor: Scale mail        |     6 |       |       |    83 |       ||    89
       Chain mail        |    57 |   170 |   135 |   170 |    42 ||   574
       Ring mail         |       |       |       |       |   264 ||   264
Dodge: Dodged            |    26 |    58 |    55 |   140 |   395 ||   674
Block: Shield            |    53 |   146 |   158 |   334 |   119 ||   810
